 Dungeon Crawl Stone Soup version 0.27-a0-1196-g3e9cee4cb2 (webtiles) character file.

Game seed: 10430116159081850898

159 karrick the Vexing (level 5, -2/36 HPs)
             Began as a Vampire Enchanter on May 30, 2021.
             Slain by a river rat (5 damage)
             ... in a sewer.
             The game lasted 00:10:19 (2304 turns).

karrick the Vexing (Vampire Enchanter)              Turns: 2304, Time: 00:10:20

Health: -2/36      AC:  3    Str:  8    XL:     5   Next: 17%
Magic:  4/8        EV: 13    Int: 17    God:
Gold:   94         SH:  0    Dex: 15    Spells: 5/9 levels left

rFire    . . .     SeeInvis +   a - +1 dagger
rCold    . . .     Faith    .   (no shield)
rNeg     . . .     Spirit   .   b - +0 robe
rPois    .         Reflect  .   c - +0 helmet
rElec    .         Harm     .   (no cloak)
rCorr    .         Rampage  .   (no gloves)
Will     .....                  (no boots)
Stlth    +++.......             f - amulet of magic regeneration
HPRegen  0.32/turn              (no ring)
MPRegen  0.36/turn              (no ring)

@: brilliant, confusing by touch, healing quickly
A: alive, fangs 3, see invisible, vampiric 2
a: Exsanguinate


You were in a sewer.
You visited 1 branch of the dungeon, and saw 3 of its levels.
You also visited: Sewer.

You collected 94 gold pieces.

Inventory:

Hand Weapons
 a - a +1 dagger (weapon)
Armour
 b - a +0 robe (worn)
 c - a +0 helmet (worn)
Jewellery
 f - an amulet of magic regeneration (around neck)
Wands
 l - a wand of iceblast (6)
Scrolls
 d - a scroll of blinking
 g - a scroll of silence {unknown}
 h - a scroll of enchant weapon {unknown}
 j - a scroll of immolation {unknown}
 k - a scroll of identify {unknown}


   Skills:
 + Level 0.3 Fighting
 + Level 1.9 Short Blades
 + Level 2.7 Dodging
 * Level 6.1 Stealth
 + Level 2.6 Spellcasting
 * Level 6.1 Hexes


You had 5 spell levels left.
You knew the following spells:

 Your Spells              Type           Power      Damage    Failure   Level
a - Corona                Hex            37%        N/A       1%          1
b - Confusing Touch       Hex            34%        N/A       4%          3

Your spell library contained the following spells:

 Spells                   Type           Power      Damage    Failure   Level
 Tukima's Dance           Hex            34%        N/A       4%          3
 Ensorcelled Hibernation  Hex/Ice        38%        N/A       8%          2
 Dazzling Flash           Conj/Hex       38%        N/A       16%         3
 Magic Dart               Conj           12%        1d3       19%         1
 Searing Ray              Conj           6%         3d3       28%         2
 Fulminant Prism          Conj/Hex       9%         3d7       45%         4
 Gell's Gravitas          Tloc           1%         N/A       50%         3
 Metabolic Englaciation   Hex/Ice        9%         N/A       82%         5
 Yara's Violent Unravell  Hex/Tmut       9%         3d6       82%         5
 Iskenderun's Mystic Bla  Conj/Tloc      3%         2d3       88%         4
 Petrify                  Tmut/Erth      3%         N/A       88%         4


Dungeon Overview and Level Annotations

Branches:
Dungeon (3/15)              Sewer (1/1)

Altars:


Innate Abilities, Weirdness & Mutations

Your natural rate of healing is accelerated.
You have razor-sharp teeth.
You have supernaturally acute eyesight. (SInv)
You are afflicted with vampirism and can become a bat while bloodless.


Message History

You miscast Corona.
You are very lightly contaminated with residual magic.
Nothing appears to happen.
The river rat completely misses you.
Casting: Corona (safe; 1% risk of failure)
Confirm with . or Enter, or press ? or * to list all spells.
Aiming: Corona (safe; 1% risk of failure)
Press: ? - help, Shift-Dir - straight line, f/p - river rat
Aim: a river rat (chance to confuse on hit: 61%, chance to affect: 70%)
The river rat is outlined in light.
The river rat closely misses you.
You hit the river rat but do no damage. Your bite misses the river rat.
The river rat closely misses you.
You hit the river rat but do no damage.
The river rat appears confused.
The river rat bites you.
You hit the river rat but do no damage.
The river rat bites the rat!
The rat is killed!
You hit the river rat but do no damage. The river rat bites you.
You hit the river rat but do no damage.
The river rat runs around in a circle.
The river rat bites you.
You are too injured to fight recklessly!
You strike the helpless river rat from behind!
You puncture the river rat!
You kill the river rat!
Your magical contamination has completely faded away.
Casting: Corona (safe; 1% risk of failure)
Confirm with . or Enter, or press ? or * to list all spells.
Aiming: Corona (safe; 1% risk of failure)
Press: ? - help, Shift-Dir - straight line, f - river rat
Aim: a river rat (chance to affect: 71%)
The river rat is outlined in light.
The river rat bites you!
* * * LOW HITPOINT WARNING * * *
Casting: Corona (safe; 1% risk of failure)
Confirm with . or Enter, or press ? or * to list all spells.
Your hands begin to glow red.
The river rat bites you!
* * * LOW HITPOINT WARNING * * *
You hit the river rat but do no damage. The river rat closely misses you.
It was a potion of brilliance.
You feel clever all of a sudden. The river rat bites you.
You die...

##### ##### #@r.## ##### ###
##...######..#####.÷∩# ##
###..###......#####†.##...######.
#...............##.......#####...
#....................†....##.....
+................................
#≈.≈≈≈≈.≈≈.......................
#≈≈≈≈≈≈≈≈≈≈≈..........≈≈...≈≈..≈.
#≈≈≈≈≈≈≈≈≈≈≈≈.≈≈..rr...≈≈≈≈≈≈≈≈≈≈


You could see a river rat (corona).

Vanquished Creatures
  A howler monkey (D:3)
  An adder (D:2)
  6 river rats (Sewer)
  11 ball pythons
  6 endoplasms (D:1)
  2 giant cockroaches
  6 goblins
  3 hobgoblins
  5 jackals
  3 kobolds
  2 quokkas (D:2)
  3 bats
  3 frilled lizards
  8 rats
60 creatures vanquished.

Notes
Turn   | Place    | Note
-------+----------+-------------------------------------------
     0 | D:1      | karrick the Vampire Enchanter began the quest for the Orb.
     0 | D:1      | Reached XP level 1. HP: 13/13 MP: 3/3
   184 | D:1      | Reached XP level 2. HP: 19/19 MP: 5/5
   289 | D:1      | Found a faded altar of an unknown god.
   553 | D:2      | Reached skill level 5 in Hexes
   754 | D:2      | Reached skill level 5 in Stealth
   754 | D:2      | Gained mutation: You are afflicted with vampirism and can
                  | become a bat while bloodless. [Vampire growth]
   754 | D:2      | Reached XP level 3. HP: 24/24 MP: 6/6
   846 | D:2      | Learned a level 3 spell: Confusing Touch
  1848 | D:3      | Reached XP level 4. HP: 22/30 MP: 7/7
  1892 | D:3      | Found a glowing drain.
  1917 | Sewer    | Entered a sewer
  2224 | Sewer    | Reached XP level 5. HP: 30/36 MP: 6/8
  2304 | Sewer    | Slain by a river rat

Illustrated notes

Levels and vault maps discovered:
D:1:      dpeg_arrival_pits, layout_loops_ring,
          chequers_ecumenical_altar_simple, minmay_hedge_maze
D:2:      layout_basic, bh_walls_and_bars
D:3:      layout_basic, cheibrodos_sewer_entry_drain,
          minmay_randomly_rotated_circles
Sewer:    sewer_minmay_treatment

Skill      XL: |  1  2  3  4 |
---------------+-------------+-----
Hexes          | 5 6 |  6.1
Stealth        | 5 6 |  6.1
Fighting       | |  0.3
Short Blades   | |  1.9
Dodging        | |  2.7
Spellcasting   | |  2.6

Action                   |  1- 3 |  4- 6 || total
-------------------------+-------+-------++-------
Melee: Dagger            |   192 |    87 ||   279
       Bite              |    13 |     4 ||    17
 Cast: Corona            |     3 |    11 ||    14
       Confusing Touch   |     8 |    12 ||    20
  Use: Scroll            |     1 |       ||     1
       Potion            |       |     2 ||     2
 Stab: Sleeping          |    11 |     1 ||    12
       Confused          |     4 |     5 ||     9
       Distracted        |     1 |       ||     1
Armor: Robe              |    58 |     4 ||    62
Dodge: Dodged            |   125 |    54 ||   179

Table legend: (Time is in decaauts)
 A = Elapsed time spent in this place.
 B = Non-inter-level travel time spent in this place.
 C = Inter-level travel time spent in this place.
 D = Time resting spent in this place.
 E = Time spent auto-exploring this place.
 F = Levels seen in this place.
 G = Mean time per level.
                   A        B        C        D        E       F      G
               +--------+--------+--------+--------+--------+-----+--------+
         Total |   2299 |   2176 |    123 |      3 |   1302 |   4 |  574.8 |
       Dungeon |   1907 |   1784 |    123 |      3 |   1137 |   3 |  635.7 |
         Sewer |    392 |    392 |      0 |      0 |    165 |   1 |  392.0 |
               +--------+--------+--------+--------+--------+-----+--------+

Top non-repeatable levels by time:
     D:1: 984 daAuts
     D:2: 793 daAuts
   Sewer: 392 daAuts
     D:3: 129 daAuts
